 Dungeon Crawl Stone Soup version 0.32-a0-131-g9dbbe29 (webtiles) character file.

Game seed: 15130459227619437943

315 edsrzf the Magician (level 6, -4/36 HPs)
             Began as an Octopode Hedge Wizard on Feb 8, 2024.
             Slain by a kobold brigand
             ... wielding a +0 whip
              (8 damage)
             ... in a sewer.
             The game lasted 00:05:47 (2833 turns).

edsrzf the Magician (Octopode Hedge Wizard)         Turns: 2833, Time: 00:05:48

Health: -4/36      AC:  1    Str:  8 (9)  XL:     6   Next: 43%
Magic:  12/12      EV: 13    Int: 15 (18) God:
Gold:   144        SH:  0    Dex: 11 (12) Spells: 9/13 levels left

rFire   + . .        a - +1 dagger (venom)
rCold   + . .        (no shield)
rNeg    . . .        b - +0 hat
rPois   +            (no amulet)
rElec   +            (no ring)
rCorr   +            (no ring)
SInv    .            (no ring)
Will    .....        (no ring)
Stlth   +++          (no ring)
HPRegen 0.26/turn    (no ring)
MPRegen 0.13/turn    (no ring)
                     (no ring)

%: no passive effects
@: resistant
A: almost no armour, amphibious, 8 rings, camouflage 1, gelatinous body 1,
(nimble swimmer 1), tentacles
a: no special abilities


You were in a sewer.
You visited 1 branch of the dungeon, and saw 3 of its levels.
You also visited: Sewer.

You collected 144 gold pieces.

Inventory:

Hand Weapons
 a - a +1 dagger of venom (weapon)
Missiles
 n - 11 poisoned darts
 o - a curare-tipped dart
Armour
 b - a +0 hat (worn)
Wands
 l - a wand of quicksilver (3)
Scrolls
 d - 2 scrolls of teleportation {unknown}
 f - 2 scrolls of enchant weapon {unknown}
 j - a scroll of blinking {unknown}
 k - 2 scrolls of butterflies {unknown}
Potions
 c - a potion of magic
 e - a potion of brilliance
 g - a potion of degeneration
 h - 2 potions of haste
 m - a potion of cancellation


   Skills:
 - Level 2.0 Dodging
 - Level 2.6 Stealth
 + Level 4.3 Spellcasting
 - Level 4.0 Conjurations
 - Level 1.0 Summonings
 - Level 1.0 Translocations
 + Level 3.5 Alchemy


You had 9 spell levels left.
You knew the following spells:

 Your Spells              Type           Power      Damage    Failure   Level
C - Mephitic Cloud        Conj/Alch/Air  10%        N/A       19%         3
X - Magic Dart            Conj           60%        1d6       3%          1

Your spell library contained the following spells:

 Spells                   Type           Power      Damage    Failure   Level
 Static Discharge         Conj/Air       18%        3-4/arc   12%         2
 Cigotuvi's Dreadful Rot  Necr/Alch/Air  12%        N/A       16%         2
 Blink                    Tloc           12%        N/A       17%         2
 Call Imp                 Summ           12%        N/A       17%         2
 Slow                     Hex            12%        N/A       19%         1
 Summon Lightning Spire   Summ/Air       4%         N/A       80%         4
 Airstrike                Air            1%         2d(1-17)  87%         4


Dungeon Overview and Level Annotations

Branches:
Dungeon (3/15)              Sewer (1/1)

Altars:
Ashenzari
Hepliaklqana

Shops:
D:1 (?=(

Annotations:
Sewer exclusion: kobold brigand


Innate Abilities, Weirdness & Mutations

You cannot wear most types of armour.
You are amphibious.
You can wear up to eight rings at the same time.
Your skin changes colour to match your surroundings (Stealth+).
Your rubbery body absorbs attacks. (AC +1, EV +1)
((You are camouflaged when in or above water. (Stealth+)))
You have tentacles for arms and can constrict up to eight enemies at once.


Message History

The magic dart hits the kobold but does no damage.
The kobold is moderately wounded.
Casting: Magic Dart (safe; 2% risk of failure)
Confirm with . or Enter, or press ? or * to list all spells.
The magic dart hits the kobold but does no damage.
The kobold is moderately wounded.
Casting: Magic Dart (safe; 2% risk of failure)
Confirm with . or Enter, or press ? or * to list all spells.
The magic dart hits the kobold.
You kill the kobold!
You hear a splash.
Casting: Magic Dart (safe; 2% risk of failure)
Confirm with . or Enter, or press ? or * to list all spells.
The magic dart hits the ball python.
You kill the ball python!
No target in view!
You start resting.
Magic restored.
You enter the shallow water.
You enter the shallow water.
A kobold and a kobold brigand come into view.
The kobold is wielding a +0 club and quivering poisoned darts.
The kobold brigand is wielding a +0 whip and quivering poisoned darts.
Casting: Magic Dart (safe; 2% risk of failure)
Confirm with . or Enter, or press ? or * to list all spells.
The magic dart hits the kobold brigand.
The kobold brigand is lightly wounded.
The kobold brigand shouts!
The kobold brigand throws a poisoned dart.
The poisoned dart hits you!
You are poisoned.
Casting: Magic Dart (safe; 2% risk of failure)
Confirm with . or Enter, or press ? or * to list all spells.
The magic dart hits the kobold brigand but does no damage.
The kobold brigand is lightly wounded.
The kobold shouts!
You feel very sick.
The kobold brigand throws a poisoned dart.
The poisoned dart hits you!
You are more poisoned.
You feel very sick.
You enter the shallow water.
You feel very sick.
You start resting.
You feel sick. x8
You are no longer poisoned.
You start resting.
A kobold brigand is nearby!
You hit the kobold brigand.
The kobold brigand is poisoned.
You grab the kobold brigand.
You squeeze the kobold brigand, but do no damage.
The kobold brigand is lightly wounded.
You constrict the kobold brigand.
The kobold brigand splashes around in the water.
You hit the kobold brigand but do no damage.
The kobold brigand looks as sick as possible!
The kobold brigand is lightly wounded.
You constrict the kobold brigand.
The kobold brigand hits you with a +0 whip!
* * * LOW HITPOINT WARNING * * *
You hit the kobold brigand.
The kobold brigand looks as sick as possible!
The kobold brigand is moderately wounded.
You constrict the kobold brigand.
The kobold brigand struggles to escape constriction.
It was a potion of degeneration.
There was something very wrong with that liquid.
You feel weakened.
You feel dopey.
You feel clumsy.
You constrict the kobold brigand, but do no damage.
The kobold brigand hits you with a +0 whip!
* * * LOW HITPOINT WARNING * * *
Okay, then.
Okay, then.
It was a potion of resistance.
You feel protected.
You constrict the kobold brigand, but do no damage.
The kobold brigand escapes!
Okay, then.
Okay, then.
Okay, then.
Okay, then.
You closely miss the kobold brigand. Your grab misses the kobold brigand.
Your squeeze misses the kobold brigand.
The kobold brigand is heavily wounded.
The kobold throws a poisoned dart.
The poisoned dart hits you.
You hit the kobold brigand.
The kobold brigand looks as sick as possible!
You grab the kobold brigand. You squeeze the kobold brigand.
The kobold brigand is severely wounded.
You constrict the kobold brigand, but do no damage.
The kobold throws a poisoned dart.
The poisoned dart closely misses you.
The kobold brigand splashes around in the water.
You hit the kobold brigand but do no damage.
The kobold brigand looks as sick as possible!
The kobold brigand is severely wounded.
You constrict the kobold brigand, but do no damage.
The kobold brigand splashes around in the water.
You closely miss the kobold. You grab the kobold.
You constrict the kobold, but do no damage.
You constrict the kobold brigand.
The kobold brigand hits you with a +0 whip!
You die...

#.~~.~..... #.~~~~~.∩.∩
#.....~~... #######
##~~~...~~.~ #.~)~~#####
##~~~~~~~....
#####~~~~~####..~.##~~....
#.~~~~###.~~...~~####....~
####### #~~~.~~~.# ##~.~~.
.K~~~###@~...~.####~~~~~~
#.~~KK########~.~.~.~~
.~~~~##### #.~~~~#### ###
#..~.## #.~~## #.~~# #..~#
##~~~## #~~~~.#


You could see a kobold brigand (extremely poisoned) and a kobold.

Vanquished Creatures
  3 kobold brigands (Sewer)
  4 adders
  A dart slug (D:1)
  An orc (D:2)
  3 endoplasms
  5 giant cockroaches
  11 goblins
  5 hobgoblins
  4 jackals (D:1)
  6 kobolds
  3 quokkas
  9 ball pythons
  2 bats (D:1)
  3 frilled lizards
  3 rats
63 creatures vanquished.

Notes
Turn   | Place    | Note
-------+----------+-------------------------------------------
     0 | D:1      | edsrzf the Octopode Hedge Wizard began the quest for the
                  | Orb.
     0 | D:1      | Reached XP level 1. HP: 11/11 MP: 4/4
   162 | D:1      | Reached skill level 2 in Conjurations
   162 | D:1      | Reached XP level 2. HP: 17/17 MP: 3/6
   233 | D:1      | Found Wodag's Magic Scroll Boutique.
   319 | D:1      | Found Pawniomp's Jewellery Boutique.
   454 | D:1      | Reached XP level 3. HP: 21/21 MP: 1/7
   621 | D:1      | Found Votz's Antique Weapon Emporium.
   683 | D:1      | Reached skill level 3 in Conjurations
   793 | D:1      | Found Xumae's Weapon Shoppe.
  1677 | D:2      | Found a broken altar of Ashenzari.
  2013 | D:3      | Reached XP level 4. HP: 27/27 MP: 4/8
  2013 | D:3      | Identified 3 scrolls of identify
  2013 | D:3      | Identified a potion of brilliance
  2014 | D:3      | Identified a potion of cancellation
  2015 | D:3      | Identified 2 potions of haste
  2088 | D:3      | Found a hazy altar of Hepliaklqana.
  2127 | D:3      | Reached skill level 4 in Conjurations
  2131 | D:3      | Learned a level 3 spell: Mephitic Cloud
  2131 | D:3      | Found a glowing drain.
  2164 | Sewer    | Entered a sewer
  2263 | Sewer    | Noticed a kobold brigand
  2287 | Sewer    | Noticed a kobold brigand
  2305 | Sewer    | Killed a kobold brigand
  2306 | Sewer    | Reached skill level 2 in Alchemy
  2306 | Sewer    | Reached XP level 5. HP: 31/31 MP: 8/10
  2410 | Sewer    | Noticed a kobold brigand
  2434 | Sewer    | Killed a kobold brigand
  2435 | Sewer    | Reached skill level 4 in Spellcasting
  2435 | Sewer    | Reached skill level 3 in Alchemy
  2435 | Sewer    | Reached XP level 6. HP: 18/36 MP: 10/12
  2828 | Sewer    | Identified 2 potions of degeneration
  2829 | Sewer    | Identified a potion of resistance
  2833 | Sewer    | Slain by a kobold brigand

Illustrated notes

Levels and vault maps discovered:
D:1:      ncdulo_halloftheorcs, layout_rooms, serial_shops,
          nicolae_shop_rolling_square, nicolae_shop_rolling_square, shop, shop,
          chequers_garden, kennysheep_nondescript, ebering_dispersal_statue_hall
D:2:      layout_basic, basic_altar, minmay_quantized
D:3:      layout_basic, kennysheep_ying_yang, nicolae_tso_carved_into_rock,
          nicolae_wu_jian_immortal_techniques, nzn_hepliaklqana_mist_gate,
          mainiacjoe_overflow_alcove_4, gup_sewer_entry_glass, nrook_uturn
Sewer:    sewer_co_tree

Skill      XL: |  1  2  3  4  5 |
---------------+----------------+-----
Conjurations   | 2 3 4 |  4.0
Alchemy        | 2 3 |  3.5
Spellcasting   | 4 |  4.3
Dodging        | |  2.0
Stealth        | |  2.6
Summonings     | |  1.0
Translocations | |  1.0

Action                     |  1- 3 |  4- 6 || total
---------------------------+-------+-------++-------
  Melee: Dagger            |    27 |    46 ||    73
         Constrict         |     8 |    12 ||    20
         Tentacles         |     6 |     8 ||    14
         Punch             |     1 |     3 ||     4
   Cast: Magic Dart        |    67 |    35 ||   102
    Use: Scroll            |       |     3 ||     3
         Potion            |       |     2 ||     2
   Stab: Sleeping          |     1 |     1 ||     2
 Armour: Skin              |    16 |    18 ||    34
  Dodge: Dodged            |    15 |    18 ||    33

Table legend: (Time is in decaauts)
 A = Elapsed time spent in this place.
 B = Non-inter-level travel time spent in this place.
 C = Inter-level travel time spent in this place.
 D = Time resting spent in this place.
 E = Time spent auto-exploring this place.
 F = Levels seen in this place.
 G = Mean time per level.
                   A        B        C        D        E       F      G
               +--------+--------+--------+--------+--------+-----+--------+
         Total |   2831 |   2787 |     44 |    499 |   1874 |   4 |  707.8 |
       Dungeon |   2162 |   2118 |     44 |    308 |   1484 |   3 |  720.7 |
         Sewer |    668 |    668 |      0 |    191 |    390 |   1 |  668.0 |
               +--------+--------+--------+--------+--------+-----+--------+

Top non-repeatable levels by time:
     D:2: 1054 daAuts
     D:1: 954 daAuts
   Sewer: 668 daAuts
     D:3: 154 daAuts
